 Dungeon Crawl Stone Soup version bcrawl-1.12.2 (webtiles) character file.

Game seed: 13499182467355839203

446 Ebbett the Covert (level 6, -2/44 HPs)
             Began as a Vampire Rogue on July 23, 2019.
             Was a Follower of Nemelex Xobeh.
             Slain by an orc priest
             ... wielding a +0 war axe
              (10 damage)
             ... on level 3 of the Dungeon.
             The game lasted 00:07:41 (1953 turns).

Ebbett the Covert (Vampire Rogue)                   Turns: 1953, Time: 00:07:41

Health: -2/44      AC:  5    Str: 17    XL:     6   Next: 73%
Magic:  7/7        EV: 12    Int: 11    God:    Nemelex Xobeh [*.....]
Gold:   167        SH:  0    Dex: 17    Spells: 5/5 levels left

rFire    . . .     SeeInvis +   i - +1 short sword (venom)
rCold    + . .     Gourm    .   (no shield)
rNeg     + + .     Faith    .   n - +2 robe
rPois    ∞         Spirit   .   (no helmet)
rElec    .         Reflect  .   d - +0 cloak
rCorr    .         Harm     .   (no gloves)
MR       .....                  (no boots)
Stlth    ++++++....             (no amulet)
HPRegen  0.07/turn              o - +3 ring of strength
MPRegen  0.10/turn              (no ring)

@: regenerating slowly
A: claws 1, fangs 3, see invisible, unbreathing
a: Draw Escape, Draw Destruction, Draw Summoning, Renounce Religion


You were on level 3 of the Dungeon.
You worshipped Nemelex Xobeh.
Nemelex Xobeh was aware of your devotion.
You were near bloodless.

You visited 1 branch of the dungeon, and saw 3 of its levels.

You collected 167 gold pieces.

Inventory:

Hand Weapons
 a - a +2 dagger
 b - a +0 blowgun
 i - a +1 short sword of venom (weapon)
Missiles
 e - 483 poisoned needles (quivered)
 p - 83 bolts
Armour
 c - a +0 robe
 d - a +0 cloak (worn)
 n - a +2 robe (worn)
 v - a +2 robe of magic resistance
Jewellery
 o - a +3 ring of strength (left claw)
 w - a +3 ring of dexterity {unknown}
Wands
 f - a wand of flame (15)
 g - a wand of enslavement (15)
Scrolls
 j - 3 scrolls of identify
 k - a scroll of teleportation {unknown}
 l - a scroll of noise {unknown}
 r - 2 scrolls of remove curse
 t - 2 scrolls of magic mapping {unknown}
 u - a scroll of amnesia
Potions
 h - 7 potions of blood
 m - 3 potions of haste
 q - a potion of curing
 s - a potion of invisibility {unknown}
 x - a potion of resistance {unknown}


   Skills:
 + Level 1.8 Fighting
 + Level 5.2 Short Blades
 + Level 2.2 Throwing
 + Level 1.5 Dodging
 + Level 9.6 Stealth
 + Level 2.0 Evocations


You had 5 spell levels left.
You didn't know any spells.
Your spell library was empty.

Dungeon Overview and Level Annotations

Branches:
Dungeon (3/12)

Altars:
Nemelex Xobeh
Qazlal


Innate Abilities, Weirdness & Mutations

You heal slowly.
You are immune to poison.
You have sharp fingernails.
You have razor-sharp teeth.
You have supernaturally acute eyesight. (SInv)
You can survive without breathing.


Message History

The orc throws a tomahawk.
The tomahawk misses you.
The orc throws a tomahawk.
The tomahawk hits you.
The orc throws a tomahawk.
The tomahawk hits you but does no damage.
The orc throws a tomahawk.
The tomahawk completely misses you.
The orc throws a tomahawk.
The tomahawk closely misses you.
An orc priest comes into view. It is wielding a +0 war axe.
The orc barely misses you. The orc hits you with a +0 club.
* * * LOW HITPOINT WARNING * * *
You barely miss the orc. You barely miss the orc.
The orc priest shouts!
Your bite misses the orc. The orc hits you with a +0 club.
* * * LOW HITPOINT WARNING * * *
You barely miss the orc. The orc hits you but does no damage.
You closely miss the orc.
The orc priest hits you with a +0 war axe!
You die...
Your body disappears without a glow.

#....†.....#..#.#####
#.......####.........
#.).....#
#......###.#
#####.#.# #..........
#.#.# ##.....##.
#.#÷# #.....# # #.#.#
#.#.### #.#o#####.#.#
#.#@o..##.#.#
#.######.#### ##.##
##.# ##_## #.## ##.##
##.# #.##########


You could see an orc priest and an orc.

Vanquished Creatures
  Sigmund (D:2)
  A sky beast (D:3)
  An ice beast (D:3)
  3 adders
  2 worms
  2 dart slugs (D:2)
  A leopard gecko (D:2)
  3 orcs (D:3)
  A ball python (D:3)
  3 giant cockroaches
  5 goblins
  9 hobgoblins
  3 jackals (D:3)
  8 kobolds
  5 bats (D:2)
  A frilled lizard (D:3)
  6 rats
55 creatures vanquished.

Notes
Turn   | Place    | Note
-------+----------+-------------------------------------------
     0 | D:1      | Ebbett the Vampire Rogue began the quest for the Orb.
     0 | D:1      | Reached XP level 1. HP: 13/13 MP: 2/2
   199 | D:1      | Reached skill level 7 in Stealth
   199 | D:1      | Reached XP level 2. HP: 18/19 MP: 3/3
   623 | D:2      | Reached XP level 3. HP: 24/24 MP: 4/4
   803 | D:2      | Found a sparkling altar of Nemelex Xobeh.
   803 | D:2      | Found a stormy altar of Qazlal.
   900 | D:2      | Became a worshipper of Nemelex Xobeh the Trickster
  1070 | D:2      | Received a gift from Nemelex Xobeh
  1269 | D:2      | Reached skill level 8 in Stealth
  1279 | D:2      | Noticed Sigmund
  1291 | D:2      | Killed Sigmund
  1291 | D:2      | Reached skill level 1 in Fighting
  1291 | D:2      | Reached skill level 1 in Dodging
  1291 | D:2      | Reached XP level 4. HP: 27/32 MP: 5/5
  1291 | D:2      | Reached XP level 5. HP: 31/37 MP: 6/6
  1673 | D:3      | Reached skill level 9 in Stealth
  1676 | D:3      | Noticed an ice beast
  1695 | D:3      | Killed an ice beast
  1695 | D:3      | Reached XP level 6. HP: 25/43 MP: 7/7
  1860 | D:3      | Found a faded altar of an unknown god.
  1891 | D:3      | Reached * piety under Nemelex Xobeh
  1897 | D:3      | Noticed a sky beast
  1913 | D:3      | Killed a sky beast
  1913 | D:3      | Reached skill level 5 in Short Blades
  1953 | D:3      | Slain by an orc priest

Skill      XL: |  1  2  3  4  5  6 |
---------------+-------------------+-----
Stealth        | 7 8 9 |  9.6
Fighting       | 1 |  1.8
Short Blades   | 4 5 |  5.2
Throwing       | 2 |  2.2
Dodging        | 1 |  1.5
Evocations     | |  2.0

Action                   |  1- 3 |  4- 6 || total
-------------------------+-------+-------++-------
Melee: Short sword       |    62 |    42 ||   104
       Dagger            |     2 |       ||     2
       Bite              |     4 |     4 ||     8
 Fire: Blowgun           |     6 |       ||     6
  Use: Scroll            |     5 |       ||     5
       Potion            |     1 |       ||     1
 Stab: Sleeping          |    11 |     8 ||    19
Armor: Robe              |     6 |     5 ||    11
Dodge: Dodged            |    29 |    20 ||    49
